 Dungeon Crawl Stone Soup version 0.29-a0-668-g12ee2bf84d (webtiles) character file.

Game seed: 1823233882041778683

10206 testman the Grappler (level 11, -1/113 HPs)
             Began as a Troll Fighter on June 23, 2022.
             Was an Elder of Wu Jian.
             Shot with an arrow by a centaur warrior (23 damage)
             ... on level 10 of the Dungeon.
             The game lasted 00:35:39 (7707 turns).

testman the Grappler (Troll Fighter)                Turns: 7707, Time: 00:35:40

Health: -1/113     AC:  5    Str: 30    XL:     11   Next: 33%
Magic:  10/10      EV: 22    Int:  4    God:    Wu Jian [****..]
Gold:   669        SH:  9    Dex:  6    Spells: 10/10 levels left

rFire   . . .      SeeInvis +     - Unarmed
rCold   . . .      Faith    .   b - +0 kite shield
rNeg    . . .      Spirit   .   a - +0 robe
rPois   .          Reflect  .   (helmet restricted)
rElec   +          Harm     .   k - +0 cloak
rCorr   .          Rampage  .   (gloves unavailable)
Will    .....                   (boots unavailable)
Stlth   +.........              h - amulet of the acrobat
HPRegen 1.08/turn               G - +4 ring of evasion
MPRegen 0.12/turn               z - ring of the Impish God {+Blink rElec EV+4 Dex-3 SInv}

@: marked, in a heavenly storm, glowing
A: large, unfitting armour, claws 3, regeneration 1, shaggy fur 1, tough skin 1,
screaming 1
a: Renounce Religion, Evoke Blink, Wall Jump, Serpent's Lash


You were on level 10 of the Dungeon.
You worshipped Wu Jian.
Wu Jian was greatly pleased with you.
You visited 1 branch of the dungeon, and saw 10 of its levels.
You also visited: Sewer.

You collected 669 gold pieces.

Inventory:

Missiles
 p - 15 poisoned darts (quivered)
 w - a throwing net
 I - a curare-tipped dart
Armour
 a - a +0 robe (worn)
 b - a +0 kite shield (worn)
 k - a +0 cloak (worn)
Jewellery
 h - an amulet of the acrobat (around neck)
 n - a ring of positive energy
 z - the ring of the Impish God (right claw) {+Blink rElec EV+4 Dex-3 SInv}
   (You found it on level 5 of the Dungeon)

   [ring of evasion]

   EV:        It affects your evasion (+4).
   Dex:       It affects your dexterity (-3).
   rElec:     It insulates you from electricity.
   SInv:      It lets you see invisible.
   +Blink:    It lets you blink.
 A - a ring of see invisible
 B - an amulet of guardian spirit
 G - a +4 ring of evasion (left claw)
 J - a +6 ring of intelligence
 M - a +4 ring of evasion
Wands
 y - a wand of mindburst (30)
 K - a wand of paralysis (4)
 L - a wand of polymorph (3)
 N - a wand of acid (6)
Scrolls
 f - 6 scrolls of teleportation
 j - a scroll of amnesia
 m - 3 scrolls of immolation
 r - a scroll of summoning {unknown}
 t - 2 scrolls of magic mapping {unknown}
 u - 5 scrolls of enchant weapon {unknown}
 v - a scroll of acquirement {unknown}
 C - a scroll of blinking {unknown}
 D - a scroll of enchant armour {unknown}
 F - 3 scrolls of brand weapon {unknown}
 H - 2 scrolls of identify
Potions
 c - 4 potions of might
 d - 4 potions of curing
 e - a potion of cancellation {unknown}
 g - 7 potions of flight
 i - 2 potions of attraction
 l - a potion of heal wounds {unknown}
 o - 3 potions of invisibility
 q - 2 potions of degeneration {unknown}
 s - 2 potions of haste
 x - 2 potions of lignification {unknown}
 E - 2 potions of brilliance {unknown}


   Skills:
 + Level 8.5 Fighting
 - Level 2.4 Dodging
 + Level 8.7 Shields
 + Level 9.9 Unarmed Combat
 + Level 5.7 Evocations


You had 10 spell levels left.
You didn't know any spells.
Your spell library contained the following spells:

 Spells                   Type           Power      Damage    Failure   Level
 Slow                     Hex            0%         N/A       73%         1
 Confusing Touch          Hex            0%         N/A       97%         3
 Gell's Gravitas          Tloc           0%         N/A       97%         3
 Lesser Beckoning         Tloc           0%         N/A       97%         3
 Teleport Other           Tloc           0%         N/A       97%         3
 Tukima's Dance           Hex            0%         N/A       97%         3
 Vampiric Draining        Necr           0%         2d6       97%         3
 Passage of Golubria      Tloc           0%         N/A       100%        4
 Yara's Violent Unravell  Hex/Tmut       0%         3d3       100%        5


Dungeon Overview and Level Annotations

Branches:
Dungeon (10/15)            Temple (0/1) D:6           Sewer (visited)
   Lair: D:8-11         Orc: D:9-12

Altars:
Dithmenos
Elyvilon
Nemelex Xobeh
Okawaru
Sif Muna
Trog
Vehumet
Wu Jian
Xom
Zin

Annotations:
D:1 1 transporter
D:10 Harold


Innate Abilities, Weirdness & Mutations

You are too large for most types of armour.
You have claws for hands.
Your natural rate of healing is unusually fast.
You are covered in fur. (AC +1)
You have tough skin. (AC +1)
You occasionally shout uncontrollably at your foes.


Message History

You struggle against the net.
The centaur warrior shoots an arrow.
The arrow hits you!!
A gargoyle comes into view. It is wielding a +0 mace.
You struggle against the net.
The centaur warrior unwields a +0 shortbow.
The centaur warrior closely misses you.
The centaur warrior kicks you but does no damage.
Harold hits you with a +0 scimitar.
You struggle against the net.
The centaur warrior hits you! The centaur warrior kicks you.
A kobold brigand comes into view.
It is wielding a +0 short sword and quivering poisoned darts.
Harold hits you with a +0 scimitar!
You struggle against the net.
The centaur warrior hits you!
* * * LOW HITPOINT WARNING * * *
The centaur warrior kicks you.
* * * LOW HITPOINT WARNING * * *
Harold barely misses you.
A yak comes into view.
The centaur warrior hits you.
* * * LOW HITPOINT WARNING * * *
The centaur warrior barely misses you.
The air is filled with shimmering golden clouds!
Sifu Yunchang says: The storm will not cease as long as you keep fighting, disciple!
You can no longer summon a storm of heavenly clouds.
The centaur warrior closely misses you. x2; Harold closely misses you.
You shred the net and break free! You block the centaur warrior's attack.
The centaur warrior kicks you.
* * * LOW HITPOINT WARNING * * *
Harold points at you and mumbles some strange words.
The mark upon you grows brighter. You block the centaur warrior's attack.
The centaur warrior kicks you.
* * * LOW HITPOINT WARNING * * *
You spin and attack Harold.
You scratch Harold.
Harold is severely wounded.
You block Harold's attack.
You spin and attack Harold.
You barely miss Harold.
Harold is severely wounded.
The centaur warrior wields a +0 shortbow.
The centaur warrior shoots an arrow.
The arrow hits you!!
You die...

..# #.. ..# #.. ###..#
#..Y #....# #.#..K# .....#
#.#....# .....#
+.#....§###
.....#####.#....u9§## .
.....(.....######@c☼###..#
..............§§@§§☼§...#
..............§§§§§☼☼.....
.............|☼☼§§§☼......
.......)..................
####.))<..............(...
#......................
###.#####################
#.........#####.......
#...........#.........


You could see Harold, a centaur warrior and a gargoyle.

Vanquished Creatures
  A two-headed ogre (D:10)
  2 soul eaters (D:9)
  A sun demon (D:9)
  Pikel (D:9)
  A deep elf pyromancer (D:10)
  2 rust devils
  Maurice (D:9)
  A smoke demon (D:9)
  2 orange demons (D:9)
  A wraith (D:9)
  A vampire (D:9)
  Grum (D:9)
  4 steam dragons
  A neqoxec (D:9)
  2 water moccasins
  Pargi (Sewer)
  3 black bears
  4 orc warriors
  An ice beast (D:7)
  4 centaurs
  2 ogres (D:5)
  2 wolves (D:9)
  A phantom (D:6)
  3 lemures
  Blork the orc (D:4)
  2 kobold brigands
  A necrophage (D:7)
  2 gnoll sergeants (D:9)
  4 bullfrogs
  2 scorpions (D:6)
  4 wights (D:8)
  10 killer bees (D:8)
  A jelly (D:6)
  2 quasits
  4 hounds
  2 orc priests
  2 gnoll shamans (D:4)
  3 iguanas
  5 orc wizards
  18 gnolls
  12 adders
  4 river rats (D:4)
  3 shadow imps (D:6)
  An ufetubus (D:5)
  6 worms
  A dart slug (D:4)
  24 orcs
  10 endoplasms
  5 giant cockroaches
  6 goblins
  7 hobgoblins
  4 quokkas
  6 ball pythons
  7 bats
  6 frilled lizards
  11 kobolds
  6 rats
225 creatures vanquished.

Vanquished Creatures (others)
  5 demonic plants (D:9)
5 creatures vanquished.

Grand Total: 230 creatures vanquished

Notes
Turn   | Place    | Note
-------+----------+-------------------------------------------
     0 | D:1      | testman the Troll Fighter began the quest for the Orb.
     0 | D:1      | Reached XP level 1. HP: 22/22 MP: 0/0
   154 | D:1      | Found a faded altar of an unknown god.
   164 | D:1      | Prayed at the altar of an unknown god.
   164 | D:1      | Became a worshipper of the Wu Jian Council
   164 | D:1      | Reached * piety under Wu Jian
   311 | D:1      | Reached XP level 2. HP: 29/29 MP: 1/1
   720 | D:1      | Reached XP level 3. HP: 36/36 MP: 2/2
   981 | D:2      | Reached ** piety under Wu Jian
  1139 | D:2      | Reached XP level 4. HP: 42/45 MP: 3/3
  1146 | D:2      | Reached skill level 3 in Unarmed Combat
  1542 | D:3      | Found a radiant altar of Vehumet.
  1586 | D:3      | Reached XP level 5. HP: 15/53 MP: 4/4
  2000 | D:4      | Found a shadowy altar of Dithmenos.
  2148 | D:3      | Reached *** piety under Wu Jian
  2212 | D:4      | Reached skill level 4 in Unarmed Combat
  2212 | D:4      | Reached XP level 6. HP: 59/62 MP: 5/5
  2278 | D:4      | Found a glowing drain.
  2283 | Sewer    | Entered a sewer
  2303 | Sewer    | Noticed Pargi
  2314 | Sewer    | Killed Pargi
  2548 | D:4      | Noticed Blork the orc
  2556 | D:4      | Killed Blork the orc
  2557 | D:4      | Reached skill level 5 in Unarmed Combat
  2557 | D:4      | Reached XP level 7. HP: 69/71 MP: 6/6
  3002 | D:5      | Entered Level 5 of the Dungeon
  3144 | D:4      | Reached skill level 5 in Fighting
  3231 | D:5      | Reached **** piety under Wu Jian
  3449 | D:5      | Reached skill level 6 in Unarmed Combat
  3449 | D:5      | Reached XP level 8. HP: 75/80 MP: 7/7
  3522 | D:5      | Reached skill level 5 in Shields
  3581 | D:5      | Identified the ring of the Impish God {+Blink rElec EV+4
                  | Dex-3 SInv}
  3734 | D:5      | Found a shimmering blue altar of Sif Muna.
  3883 | D:6      | Reached skill level 1 in Evocations
  3995 | D:6      | Found an iron altar of Okawaru.
  4089 | D:6      | Found a bloodstained altar of Trog.
  4130 | D:6      | Found a staircase to the Ecumenical Temple.
  4209 | D:6      | Found a shimmering altar of Xom.
  4420 | D:7      | Found an ornate altar of the Wu Jian Council.
  4526 | D:7      | Found a white marble altar of Elyvilon.
  4615 | D:7      | Reached skill level 7 in Unarmed Combat
  4667 | D:7      | Reached XP level 9. HP: 79/89 MP: 8/8
  5417 | D:8      | Reached ***** piety under Wu Jian
  5581 | D:8      | Reached skill level 8 in Unarmed Combat
  6160 | D:9      | Gained mutation: You occasionally shout uncontrollably at
                  | your foes. [a neqoxec]
  6181 | D:9      | Reached XP level 10. HP: 57/102 MP: 9/9
  6295 | D:9      | Noticed Grum
  6307 | D:9      | Killed Grum
  6507 | D:9      | Noticed an orange demon
  6508 | D:9      | Noticed a soul eater
  6516 | D:9      | Noticed a sun demon
  6520 | D:9      | Noticed Maurice
  6650 | D:9      | Noticed a soul eater
  6651 | D:9      | Noticed a rust devil
  6660 | D:8      | Killed a rust devil
  6700 | D:9      | Killed a soul eater
  6757 | D:9      | Found a glowing silver altar of Zin.
  6835 | D:9      | Noticed Pikel
  6852 | D:9      | Killed Pikel
  6853 | D:9      | Reached skill level 9 in Unarmed Combat
  6884 | D:9      | HP: 1/99 [soul eater/drain life (15)]
  6885 | D:9      | Killed a soul eater
  6886 | D:9      | Reached skill level 5 in Evocations
  7061 | D:9      | Found a sparkling altar of Nemelex Xobeh.
  7067 | D:9      | Identified the +8 dagger of Haucip {freeze, Int+4}
  7137 | D:9      | Noticed a rust devil
  7148 | D:9      | Killed a rust devil
  7177 | D:9      | Noticed a smoke demon
  7197 | D:9      | Killed a smoke demon
  7213 | D:9      | Killed Maurice
  7213 | D:9      | Reached XP level 11. HP: 29/111 MP: 10/10
  7213 | D:9      | Killed a sun demon
  7494 | D:10     | Entered Level 10 of the Dungeon
  7496 | D:10     | Noticed a two-headed ogre
  7505 | D:10     | Killed a two-headed ogre
  7605 | D:10     | Noticed a deep elf pyromancer
  7612 | D:10     | Killed a deep elf pyromancer
  7692 | D:10     | Noticed Harold
  7695 | D:10     | Noticed a centaur warrior
  7699 | D:10     | Noticed a green ugly thing
  7707 | D:10     | Shot with an arrow by a centaur warrior

Illustrated notes

Levels and vault maps discovered:
D:1:      spicycebolla_arrival_transporter_tutorial, layout_loops_corners,
          basic_ecumenical_altar, chequers_serial_rivers_small_3,
          corner_web_ring, hangedman_feature_mirror, minmay_splitting_lines
D:2:      layout_loops_ring
D:3:      minmay_bubble_buster, layout_rooms, mainiacjoe_overflow_alcove_1
D:4:      layout_basic, mainiacjoe_overflow_paths, lightli_sewer_entry_pipes,
          uniq_natasha, uniq_blork_the_orc
D:5:      layout_cave_pools, lemuel_blue_sif_altar, hex_medium
D:6:      layout_cave_pools, kennysheep_little_box,
          mainiacjoe_overflow_24_doors, mainiacjoe_overflow_brackets,
          minmay_temple_entry_antechambers
D:7:      layout_basic, kennysheep_mini_moat, lemuel_round_altar
D:8:      nicolae_cairo_tiling, layout_cave_pools
D:9:      layout_irregular_city, zin_scriptorium,
          mainiacjoe_overflow_small_starburst, serial_demonic, serial_demonic_g,
          serial_demonic_g, serial_demonic_e, serial_demonic_g,
          serial_demonic_g, serial_demonic_g, uniq_maurice, uniq_pikel,
          uniq_grum
D:10:     minmay_wavy_crystal, layout_irregular_city, makhleb_altar_promises_db,
          lemuel_round_altar, serial_shops, nicolae_shop_hallway_plus,
          minmay_ruined_shrine, uniq_harold, uniq_maggie

Skill      XL: |  1  2  3  4  5  6  7  8  9 10 |
---------------+-------------------------------+-----
Shields        | 3 4 6 7 8 |  8.7
Fighting       | 3 4 5 6 7 8 |  8.5
Unarmed Combat | 3 4 5 6 7 8 9 |  9.9
Evocations     | 2 4 5 |  5.7
Dodging        | |  2.4

Action                   |  1- 3 |  4- 6 |  7- 9 | 10-12 || total
-------------------------+-------+-------+-------+-------++-------
Melee: Unarmed           |    74 |   166 |   285 |   243 ||   768
Invok: Lunge             |    13 |    26 |    34 |    17 ||    90
       Whirlwind         |       |     3 |    21 |    76 ||   100
       Serpent's Lash    |       |       |     2 |     1 ||     3
       Heavenly Storm    |       |       |       |     1 ||     1
 Abil: Evoke Blink       |       |       |     1 |     2 ||     3
       Wall Jump         |       |       |     1 |       ||     1
  Use: Scroll            |       |     5 |     4 |       ||     9
       Potion            |       |       |     2 |     3 ||     5
 Stab: Sleeping          |       |     1 |       |       ||     1
Armor: Robe              |    22 |    39 |    28 |    30 ||   119
       Skin              |       |       |       |     2 ||     2
Dodge: Dodged            |    10 |    48 |   152 |   162 ||   372
Block: Kite shield       |    24 |    36 |   112 |    85 ||   257

Table legend: (Time is in decaauts)
 A = Elapsed time spent in this place.
 B = Non-inter-level travel time spent in this place.
 C = Inter-level travel time spent in this place.
 D = Time resting spent in this place.
 E = Time spent auto-exploring this place.
 F = Levels seen in this place.
 G = Mean time per level.
                   A        B        C        D        E       F      G
               +--------+--------+--------+--------+--------+-----+--------+
         Total |   7795 |   7370 |    425 |    448 |   4980 |  11 |  708.6 |
       Dungeon |   7606 |   7181 |    425 |    448 |   4929 |  10 |  760.6 |
         Sewer |    188 |    188 |      0 |      0 |     50 |   1 |  188.0 |
               +--------+--------+--------+--------+--------+-----+--------+

Top non-repeatable levels by time:
     D:8: 1079 daAuts
     D:9: 1078 daAuts
     D:7: 1007 daAuts
     D:4: 990 daAuts
     D:1: 898 daAuts
     D:5: 625 daAuts
     D:2: 624 daAuts
     D:3: 601 daAuts
     D:6: 490 daAuts
    D:10: 212 daAuts
   Sewer: 188 daAuts
